 Dungeon Crawl Stone Soup version 0.28-a0-973-ga7f8b01127 (webtiles) character file.

Game seed: 10650307400397475831

38413 bearlyready the Arsonist (level 13, -3/72 HPs)
             Began as a Deep Elf Fire Elementalist on Dec 1, 2021.
             Was an Initiate of Gozag.
             Slain by an eight-headed hydra (5 damage)
             ... on level 6 of the Lair of Beasts.
             The game lasted 00:52:49 (20415 turns).

bearlyready the Arsonist (DEFE)                    Turns: 20415, Time: 00:52:50

Health: -3/72      AC: 11    Str:  9    XL:     13   Next: 63%
Magic:  25/34      EV: 16    Int: 34    God:    Gozag
Gold:   3477       SH: 11    Dex: 15    Spells: 9/26 levels left

rFire   . . .      SeeInvis .   q - staff of conjuration
rCold   + . .      Faith    .   k - +0 kite shield
rNeg    . . .      Spirit   .   H - +0 swamp dragon scales
rPois   +          Reflect  .   w - +0 hat of the Buccaneer {Drain rPois Regen+ Int+5}
rElec   .          Harm     .   (no cloak)
rCorr   .          Rampage  .   l - +1 pair of gloves
Will    +....                   j - +1 pair of boots
Stlth   +.........              I - amulet of regeneration
HPRegen 1.82/turn               p - ring of magical power
MPRegen 0.24/turn               n - ring "Kovapyb" {rC+ EV+4 Str+4 Int+3}

@: no status effects
A: subdued magic 1
a: Renounce Religion, Potion Petition, Call Merchant, Bribe Branch


You were on level 6 of the Lair of Beasts.
You worshipped Gozag.
Gozag was most pleased with you.
You visited 3 branches of the dungeon, and saw 18 of its levels.

You collected 4481 gold pieces.
You spent 883 gold pieces at shops.
You paid 121 gold pieces to Gozag.

Inventory:

Hand Weapons
 i - the +10 whip of Pasad {vorpal, *Noise rF+ rC+ Dex+2}
   (You found it on level 5 of the Lair of Beasts)

   It inflicts extra damage upon your enemies.
   Dex:       It affects your dexterity (+2).
   rF:        It protects you from fire.
   rC:        It protects you from cold.
   *Noise:    It may make noises in combat.
 W - a +0 demon trident
Missiles
 c - 65 poisoned darts
 e - 361 stones
 C - 6 curare-tipped darts
 F - 77 sling bullets
 K - 3 throwing nets
Armour
 j - a +1 pair of boots (worn)
 k - a +0 kite shield (worn)
 l - a +1 pair of gloves (worn)
 w - the +0 hat of the Buccaneer (worn) {Drain rPois Regen+ Int+5}
   (You found it on level 5 of the Lair of Beasts)

   Int:       It affects your intelligence (+5).
   rPois:     It protects you from poison.
   Regen:     It increases your rate of health regeneration.
   Drain:     It drains your maximum health when unequipped.
 H - +0 swamp dragon scales (worn)
 M - a +2 robe of positive energy
Magical Staves
 q - a staff of conjuration (weapon)
 A - a staff of death
Jewellery
 b - a +4 ring of protection
 n - the ring "Kovapyb" (right hand) {rC+ EV+4 Str+4 Int+3}
   (You bought it in a shop on level 10 of the Dungeon)

   [ring of evasion]

   EV:        It affects your evasion (+4).
   Str:       It affects your strength (+4).
   Int:       It affects your intelligence (+3).
   rC:        It protects you from cold.
 p - a ring of magical power (left hand)
 E - a ring of wizardry
 I - an amulet of regeneration (around neck)
 N - a ring of resist corrosion
 O - a +4 ring of evasion
 Z - a ring of see invisible
Wands
 r - a wand of mindburst (1)
 x - a wand of acid (4)
 y - a wand of flame (22)
 T - a wand of paralysis (3)
 V - a wand of polymorph (16)
Scrolls
 a - a scroll of torment {unknown}
 f - a scroll of fear
 g - 3 scrolls of enchant armour
 h - 2 scrolls of noise {unknown}
 m - 3 scrolls of amnesia
 o - 2 scrolls of enchant weapon
 v - a scroll of holy word
 B - 2 scrolls of fog
 D - 2 scrolls of magic mapping
 P - 2 scrolls of immolation
 Q - a scroll of vulnerability {unknown}
 S - 5 scrolls of teleportation
 Y - a scroll of blinking
Potions
 d - a potion of magic
 s - 2 potions of might
 t - a potion of mutation
 u - 2 potions of haste
 z - 3 potions of curing
 G - 6 potions of heal wounds
 J - 4 potions of resistance
 L - a potion of lignification
 R - a potion of cancellation
 U - 2 potions of attraction
 X - 2 potions of invisibility


   Skills:
 + Level 5.1 Fighting
 - Level 8.0 Dodging
 - Level 2.4 Stealth
 - Level 8.1 Shields
 + Level 7.0 Spellcasting
 - Level 13.3 Conjurations
 - Level 4.0 Translocations
 - Level 4.0 Transmutations
 - Level 14.0 Fire Magic
 - Level 5.0 Earth Magic
 - Level 5.0 Evocations


You had 9 spell levels left.
You knew the following spells:

 Your Spells              Type           Power      Damage    Failure   Level
a - Foxfire               Conj/Fire      100%       2x1d9     1%          1
b - Scorch                Fire           100%       2d10      1%          2
c - Conjure Flame         Conj/Fire      88%        6-21      1%          3
d - Flame Wave            Conj/Fire      88%        2d12      1%          4
e - Animate Skeleton      Necr           18%        N/A       22%         1
f - Apportation           Tloc           60%        N/A       3%          1
g - Passwall              Tmut/Erth      27%        N/A       4%          2
h - Stone Arrow           Conj/Erth      100%       3d13      1%          3

Your spell library contained the following spells:

 Spells                   Type           Power      Damage    Failure   Level
 Shock                    Conj/Air       100%       1d9       1%          1
 Sticky Flame             Conj/Fire      88%        2d10      1%          4
 Sandblast                Erth           70%        2d15      2%          1
 Inner Flame              Hex/Fire       45%        N/A       3%          3
 Ignite Poison            Fire/Tmut/Pois 40%        N/A       4%          3
 Wereblood                Tmut           30%        N/A       5%          2
 Blink                    Tloc           60%        N/A       6%          2
 Mephitic Cloud           Conj/Pois/Air  48%        N/A       10%         3
 Lesser Beckoning         Tloc           30%        N/A       12%         3
 Irradiate                Conj/Tmut      35%        3d25      17%         5
 Slow                     Hex            36%        N/A       22%         1
 Summon Small Mammal      Summ           36%        N/A       22%         1
 Sublimation of Blood     Necr           9%         N/A       32%         2
 Petrify                  Tmut/Erth      33%        N/A       32%         4
 Confusing Touch          Hex            9%         N/A       54%         3
 Swiftness                Air            9%         N/A       54%         3
 Vampiric Draining        Necr           9%         2d6       54%         3
 Animate Armour           Summ/Erth      44%        N/A       61%         4
 Iron Shot                Conj/Erth      36%        9d7       61%         6
 Freezing Cloud           Conj/Ice/Air   24%        6-21      71%         5
 Blade Hands              Tmut           15%        N/A       75%         5
 Manifold Assault         Tloc           30%        N/A       77%         5
 Airstrike                Air            4%         N/A       92%         4
 Summon Hydra             Summ           4%         N/A       100%        7


Dungeon Overview and Level Annotations

Branches:
Dungeon (11/15)            Temple (1/1) D:7            Lair (6/6) D:9
 Shoals (0/4) Lair:2        Snake (0/4) Lair:3
  Slime: Lair:5-6       Orc: D:9-12

Altars:
Dithmenos
Gozag
Hepliaklqana
Okawaru
Vehumet
Yredelemnul

Shops:
D:6 [   D:10 =*((*

Annotations:
D:6 1 runed translucent door, pdpol's ghost, novice PaWr
Lair:5 6 runed translucent doors


Innate Abilities, Weirdness & Mutations

Your spells are a little easier to cast, but a little less powerful.


Message History

The flame wave engulfs the death yak!
The death yak is heavily wounded.
The flame wave engulfs the death yak!
The death yak is moderately wounded.
The flame wave engulfs the fungus!!
The fungus is lightly damaged.
The flame wave engulfs the death yak.
The death yak is lightly wounded.
You finish channelling waves of flame.
You hear a bellow!
You hear an angry hiss.
You block the eight-headed hydra's attack. x2
The eight-headed hydra bites you!
The eight-headed hydra barely misses you.
The eight-headed hydra bites you but does no damage.
The eight-headed hydra closely misses you. x2
The eight-headed hydra misses you.
The death yak gores the fungus!
Casting: Flame Wave (mildly dangerous; 1% risk of failure)
Confirm with . or Enter, or press ? or * to list all spells.
Casting: Flame Wave (mildly dangerous; 1% risk of failure)
Press: ? - help, Dir - look around, f - activate You feel a surge of power!
A wave of flame ripples out!
The flame wave engulfs the death yak.
The death yak is lightly wounded.
The flame wave engulfs the eight-headed hydra!
The eight-headed hydra is severely wounded.
The flame wave engulfs the fungus.
The fungus is moderately damaged.
The flame wave engulfs the fungus!
The fungus is moderately damaged. (Press . to intensify the flame waves.)
A nearby fungus withers and dies.
The death yak gores you!!
You block the eight-headed hydra's attack.
The eight-headed hydra closely misses you.
The eight-headed hydra bites you!
* * * LOW HITPOINT WARNING * * *
The eight-headed hydra bites you!
* * * LOW HITPOINT WARNING * * *
The eight-headed hydra bites you.
You die...
Your body crumbles into a pile of gold.

#...........#######...
#............####....
##...........##.....P.
#.....................
#..............#.....
##.........#P........
#####.........###....... ♣♣♣♣
#####.P##PY......#.##.......
♣PP♣##..#.....YP@###.##..#.......
P.P♣#..........DP#######.........
...♣............YY.##.#..........
P.P♣..........P.............P....
.PP♣.............................
.PP♣.......<.....................
♣♣♣..................#.......^...
♣♣.....................#.#.......
........................♣♣.♣♣P#..


You could see 4 death yaks and an eight-headed hydra.

Vanquished Creatures
  A boulder beetle (D:11)
  5 hydras
  2 catoblepae
  A two-headed ogre (D:10)
  Erica (D:8)
  Urug (Lair:5)
  A fire crab (Lair:4)
  9 elephants
  6 centaur zombies
  5 black mambas
  Maggie (D:6)
  Psyche (D:9)
  A gargoyle (D:9)
  9 komodo dragons
  7 cane toads
  2 rime drakes
  2 jumping spiders (Lair:5)
  4 polar bears (Lair:5)
  2 merfolk (Lair:2)
  6 dream sheep (Lair:5)
  12 blink frogs
  Grinder (D:6)
  A redback (Lair:5)
  A shadow (D:10)
  42 yaks
  3 basilisks
  A tarantella (Lair:5)
  3 wyverns
  3 nagas (Lair:3)
  8 water moccasins
  2 acid dragons (D:10)
  A black bear (Lair:3)
  3 orc warriors
  2 necrophages
  2 ice beasts
  16 wolves
  A phantom (D:4)
  6 centaurs
  17 bullfrogs
  2 kobold brigands
  A wyvern skeleton (D:6)
  3 water moccasin skeletons
  7 wights
  3 killer bees (D:10)
  7 electric eels
  A lava snake (D:10)
  A bullfrog skeleton (D:5)
  6 hounds
  A centaur skeleton (D:4)
  2 gnoll shamans
  3 orc priests
  3 jellies
  6 orc wizards
  A hound skeleton (D:3)
  A howler monkey skeleton (D:4)
  16 gnolls
  6 adders
  2 white imps
  An adder skeleton (D:4)
  7 worms
  4 dart slugs
  21 orcs
  6 ball pythons
  5 bats
  9 endoplasms
  2 giant cockroaches
  5 goblins
  4 hobgoblins
  3 jackals (D:4)
  5 quokkas
  A frilled lizard (D:1)
  20 kobolds
  6 rats
  A bush (Lair:6)
  2 butterflies (Lair:2)
366 creatures vanquished.

Vanquished Creatures (collateral kills)
  A steam dragon (D:7)
  18 foxfires
19 creatures vanquished.

Vanquished Creatures (others)
  An orc (D:8)
  3 bushes (Lair:6)
  1171 foxfires
  25 fungi
  108 plants
1308 creatures vanquished.

Grand Total: 1693 creatures vanquished

Notes
Turn   | Place    | Note
-------+----------+-------------------------------------------
     0 | D:1      | bearlyready the Deep Elf Fire Elementalist began the quest
                  | for the Orb.
     0 | D:1      | Reached XP level 1. HP: 10/10 MP: 6/6
   481 | D:1      | Reached XP level 2. HP: 15/15 MP: 4/8
  1119 | D:2      | Reached skill level 4 in Fire Magic
  1222 | D:2      | Reached XP level 3. HP: 19/19 MP: 2/9
  2158 | D:3      | Reached XP level 4. HP: 24/24 MP: 4/10
  2688 | D:3      | Reached skill level 5 in Fire Magic
  2688 | D:3      | Reached XP level 5. HP: 21/28 MP: 5/11
  2691 | D:3      | Learned a level 2 spell: Scorch
  2695 | D:3      | Learned a level 3 spell: Conjure Flame
  3136 | D:4      | Noticed an orc warrior
  3290 | D:4      | Reached skill level 6 in Fire Magic
  3452 | D:4      | Reached XP level 6. HP: 32/32 MP: 12/12
  3465 | D:4      | Gained mutation: Your spells are a little easier to cast,
                  | but a little less powerful. [potion of mutation]
  3472 | D:4      | Killed an orc warrior
  3473 | D:4      | Reached skill level 7 in Fire Magic
  3496 | D:4      | Learned a level 4 spell: Flame Wave
  3963 | D:4      | Reached XP level 7. HP: 36/36 MP: 13/13
  4058 | D:4      | Reached skill level 8 in Fire Magic
  4065 | D:4      | Reached skill level 9 in Fire Magic
  4560 | D:5      | Entered Level 5 of the Dungeon
  4739 | D:5      | Reached XP level 8. HP: 41/41 MP: 7/14
  4741 | D:5      | Reached skill level 10 in Fire Magic
  5001 | D:5      | Noticed a gargoyle
  5187 | D:5      | Reached skill level 1 in Fighting
  5444 | D:6      | Reached skill level 5 in Conjurations
  5695 | D:6      | Noticed Maggie
  5741 | D:6      | Found Eclacaiq's Armour Shop.
  5757 | D:6      | Reached skill level 5 in Spellcasting
  6169 | D:6      | Reached XP level 9. HP: 29/48 MP: 17/19
  6292 | D:6      | Found a runed translucent door.
  6316 | D:6      | Noticed pdpol's ghost (novice PaWr)
  6450 | D:7      | Found an iron altar of Okawaru.
  6450 | D:7      | Found an opulent altar of Gozag.
  6450 | D:7      | Found a shadowy altar of Dithmenos.
  6456 | D:7      | Became a worshipper of Gozag Ym Sagoz the Greedy
  6544 | D:7      | Learned a level 1 spell: Animate Skeleton
  6546 | D:7      | Learned a level 1 spell: Apportation
  6647 | D:7      | HP: 1/48 [steam dragon] (9)]
  6653 | D:7      | Reached skill level 11 in Fire Magic
  7377 | D:7      | Found a staircase to the Ecumenical Temple.
  7615 | D:8      | Noticed Erica
  8343 | D:9      | Noticed Psyche
  8407 | D:8      | Reached skill level 12 in Fire Magic
  9025 | D:6      | Noticed Grinder
  9033 | D:6      | Killed Grinder
  9034 | D:6      | Reached XP level 10. HP: 40/53 MP: 21/22
  9124 | D:6      | Killed Maggie
 10094 | D:8      | Killed Erica
 10249 | D:9      | Found a staircase to the Lair.
 10275 | D:9      | Killed Psyche
 10276 | D:9      | Reached skill level 13 in Fire Magic
 10628 | D:9      | Noticed a gargoyle
 10634 | D:9      | Killed a gargoyle
 10692 | D:9      | Reached skill level 10 in Conjurations
 10787 | D:9      | Noticed a great orb of eyes
 10867 | D:9      | Paralysed by a great orb of eyes for 7 turns
 11043 | D:10     | Entered Level 10 of the Dungeon
 11047 | D:10     | Noticed a two-headed ogre
 11279 | D:10     | Killed a two-headed ogre
 11458 | D:10     | Found Nor Tied's Jewellery Shop.
 11461 | D:10     | Found Tottemod's Assorted Antiques.
 11462 | D:10     | Found Juuhapaf's Weapon Shop.
 11464 | D:10     | Found Nauho's Antique Weapon Shop.
 11470 | D:10     | Bought the ring "Kovapyb" {rC+ EV+4 Str+4 Int+3} for 841
                  | gold pieces
 11547 | D:10     | Reached skill level 1 in Evocations
 11554 | D:10     | Reached XP level 11. HP: 57/57 MP: 12/23
 11558 | D:10     | Reached skill level 14 in Fire Magic
 11738 | D:10     | Found Plog's General Store.
 11981 | D:10     | Bought a scroll of fear for 42 gold pieces
 12193 | D:11     | Noticed a boulder beetle
 12235 | D:11     | Killed a boulder beetle
 12581 | Temple   | Entered the Ecumenical Temple
 12654 | Lair:1   | Entered Level 1 of the Lair of Beasts
 12688 | Lair:1   | Learned a level 2 spell: Passwall
 12692 | Lair:1   | Learned a level 3 spell: Stone Arrow
 12722 | Lair:1   | Reached skill level 1 in Translocations
 12722 | Lair:1   | Reached skill level 1 in Transmutations
 12722 | Lair:1   | Reached skill level 1 in Earth Magic
 13383 | Lair:1   | You fall into a shaft and drop 1 floor!
 13391 | Lair:2   | Noticed a four-headed hydra
 13406 | Lair:2   | Noticed a four-headed hydra
 13438 | Lair:2   | Killed a four-headed hydra
 13498 | Lair:2   | Reached skill level 5 in Evocations
 14339 | Lair:1   | Killed a four-headed hydra
 14340 | Lair:1   | Reached XP level 12. HP: 41/64 MP: 21/24
 14689 | Lair:2   | Found a radiant altar of Vehumet.
 14749 | Lair:2   | Reached skill level 5 in Dodging
 15329 | Lair:2   | Found a staircase to the Shoals.
 15770 | Lair:3   | Reached skill level 5 in Earth Magic
 15874 | Lair:3   | Found a staircase to the Snake Pit.
 16238 | Lair:3   | Noticed a catoblepas
 16249 | Lair:3   | Killed a catoblepas
 16250 | Lair:3   | Reached skill level 1 in Shields
 16849 | Lair:4   | Noticed an eight-headed hydra
 16852 | Lair:4   | Noticed a six-headed hydra
 17184 | Lair:3   | Killed an eight-headed hydra
 17454 | Lair:4   | Killed a six-headed hydra
 17466 | Lair:4   | Reached XP level 13. HP: 33/72 MP: 16/25
 17692 | Lair:4   | Reached skill level 5 in Fighting
 17796 | Lair:4   | Identified a scroll of acquirement
 17965 | Lair:4   | Acquired 1014 gold pieces
 18408 | Lair:5   | Found a hazy altar of Hepliaklqana.
 18444 | Lair:5   | Reached skill level 5 in Shields
 18556 | Lair:5   | Noticed Urug
 18861 | Lair:5   | Killed Urug
 19018 | Lair:5   | Found a runed translucent door.
 19642 | Lair:5   | Found a runed translucent gate.
 19646 | Lair:5   | Identified the +0 hat of the Buccaneer {Drain rPois Regen+
                  | Int+5}
 19647 | Lair:5   | Found a runed translucent gate.
 19647 | Lair:5   | Identified the +10 whip of Pasad {vorpal, *Noise rF+ rC+
                  | Dex+2}
 19666 | Lair:5   | Found a runed translucent gate.
 19666 | Lair:5   | Found a runed translucent gate.
 19666 | Lair:5   | Found a runed translucent gate.
 19667 | Lair:5   | Found a runed translucent gate.
 19711 | Lair:6   | Entered Level 6 of the Lair of Beasts
 20415 | Lair:6   | HP: 2/72 [eight-headed hydra (13)]
 20415 | Lair:6   | Slain by an eight-headed hydra

Illustrated notes

Levels and vault maps discovered:
D:1:      evilmike_arrival_plus, layout_basic
D:2:      layout_rooms, hangedman_feature_mirror, nicolae_wormholes
D:3:      layout_basic
D:4:      layout_rooms, minmay_divided_ellipse
D:5:      layout_loops_ring, tgw_fedhas
D:6:      layout_cave_pods, ebering_ghost_reflecting_pool, serial_shops,
          nicolae_shop_stone, uniq_grinder, uniq_maggie
D:7:      layout_cave_pools, gammafunk_temple_overflow_forgotten,
          minmay_temple_entry_gardened_gates, minmay_misc_feat_four_crosses
D:8:      layout_rooms, minmay_misc_feat_nine_boxes, serial_bayou_lake_a,
          uniq_erica
D:9:      wad_statue_garden, layout_small_grid, lair_entry_dummy, uniq_psyche
D:10:     layout_rooms, minmay_shop_grid_forest, kennysheep_diamond
D:11:     minmay_smoke_and_mirrors, layout_rooms, nicolae_trove_entry_columns
Temple:   mainiacjoe_temple_coin_purse
Lair:1:   layout_gridlike
Lair:2:   layout_small_grid, elwin_shoals_entry_rooms, basic_altar,
          infiniplex_staircase_pool, grunt_megastairs_4, lemuel_fruit_fields,
          serial_bayou_shore_b
Lair:3:   layout_cave_pods, guppyfry_snake_entry_garden,
          chequers_serial_rivers_micro_a, minivault_23
Lair:4:   layout_big_grid
Lair:5:   gammafunk_indiana_jones, layout_layer_cave, basic_altar,
          chequers_serial_rivers_room_b, cheibrodos_lair_lostbears,
          grunt_megastairs_2, uniq_urug
Lair:6:   grunt_lair_end_beastmaster, layout_cave_pods,
          nicolae_slime_entry_slimehenge, serial_forest,
          infiniplex_forest_end_1, infiniplex_forest_lined_3,
          infiniplex_forest_end_3, infiniplex_forest_clump_curved,
          infiniplex_forest_join, infiniplex_forest_clump_diagonal,
          infiniplex_forest_clump_long

Skill      XL: |  1  2  3  4  5  6  7  8  9 10 11 12 13 |
---------------+----------------------------------------+-----
Conjurations   | 2 3 4 5 8 10 12 13 | 13.3
Fire Magic     | 4 5 6 7 9 10 12 13 14 | 14.0
Fighting       | 2 3 4 5 |  5.1
Spellcasting   | 5 7 |  7.0
Evocations     | 1 5 |  5.0
Translocations | 3 4 |  4.0
Transmutations | 3 4 |  4.0
Earth Magic    | 3 5 |  5.0
Dodging        | 4 7 8 |  8.0
Shields        | 3 8 |  8.1
Stealth        | |  2.4

Action                   |  1- 3 |  4- 6 |  7- 9 | 10-12 | 13-15 || total
-------------------------+-------+-------+-------+-------+-------++-------
Melee: Unarmed           |     5 |       |       |       |       ||     5
       Dagger            |    11 |     4 |       |       |       ||    15
       Staff             |       |       |     2 |    16 |     5 ||    23
Throw: Dart              |       |       |     2 |       |       ||     2
       Throwing net      |       |       |     2 |       |       ||     2
 Cast: Foxfire           |    85 |   126 |   151 |   260 |    66 ||   688
       Scorch            |       |    13 |    72 |   105 |     8 ||   198
       Conjure Flame     |       |     1 |     1 |       |       ||     2
       Flame Wave        |       |       |     9 |    50 |    38 ||    97
       Stone Arrow       |       |       |       |    13 |    19 ||    32
Evoke: Wand              |       |       |     3 |    27 |       ||    30
  Use: Potion            |       |     5 |     2 |     5 |       ||    12
       Scroll            |       |       |    15 |     7 |     8 ||    30
 Stab: Sleeping          |     1 |       |       |       |       ||     1
       Paralysed         |       |       |       |     1 |       ||     1
Armor: Robe              |     4 |     7 |    38 |       |       ||    49
       Swamp dragon scal |       |       |       |   134 |    38 ||   172
       Skin              |       |       |       |    24 |       ||    24
Dodge: Dodged            |     9 |    18 |    53 |   206 |    78 ||   364
Block: Kite shield       |       |       |       |    47 |    78 ||   125

Table legend: (Time is in decaauts)
 A = Elapsed time spent in this place.
 B = Non-inter-level travel time spent in this place.
 C = Inter-level travel time spent in this place.
 D = Time resting spent in this place.
 E = Time spent auto-exploring this place.
 F = Levels seen in this place.
 G = Mean time per level.
                   A        B        C        D        E       F      G
               +--------+--------+--------+--------+--------+-----+--------+
         Total |  20464 |  19451 |   1013 |   2425 |  13675 |  18 | 1136.9 |
       Dungeon |  12678 |  12096 |    582 |   1542 |   8515 |  11 | 1152.5 |
        Temple |      3 |      3 |      0 |      0 |      0 |   1 |    3.0 |
          Lair |   7782 |   7352 |    430 |    883 |   5160 |   6 | 1297.0 |
               +--------+--------+--------+--------+--------+-----+--------+

Top non-repeatable levels by time:
  Lair:3: 1956 daAuts
  Lair:5: 1766 daAuts
     D:6: 1687 daAuts
  Lair:1: 1676 daAuts
     D:9: 1602 daAuts
     D:8: 1588 daAuts
     D:4: 1572 daAuts
     D:7: 1360 daAuts
  Lair:2: 1229 daAuts
     D:1: 1076 daAuts
     D:3: 1035 daAuts
     D:2: 992 daAuts
    D:10: 967 daAuts
  Lair:4: 723 daAuts
     D:5: 652 daAuts
